 Dungeon Crawl Stone Soup version 0.24-a0-696-gd18775d (webtiles) character file.

Game seed: 8699748088374352870, levelgen mode: deterministic

47031 Laraso the Unseen (level 14, -1/61 HPs)
             Began as a Vine Stalker Enchanter on Sept 28, 2019.
             Was the Champion of Hepliaklqana.
             Slain by Saint Roka
             ... wielding a +5 dire flail of crushing
              (8 damage)
             ... on level 2 of the Orcish Mines.
             The game lasted 00:44:10 (16752 turns).

Laraso the Unseen (Vine Stalker Enchanter)         Turns: 16752, Time: 00:44:10

Health: -1/61      AC: 14    Str: 11    XL:     14   Next: 40%
Magic:  0/27       EV: 22    Int: 24    God:    Hepliaklqana [******]
Gold:   967        SH:  0    Dex: 19    Spells: 14/29 levels left

rFire    . . .     SeeInvis .   a - +3 dagger (chaos)
rCold    . . .     Gourm    .   (no shield)
rNeg     . . .     Faith    .   A - +2 steam dragon scales
rPois    .         Spirit   +   l - +1 helmet
rElec    .         Reflect  .   (no cloak)
rCorr    .         Harm     .   P - +1 pair of gloves {Dex+3}
MR       +....                  r - +2 pair of boots
Stlth    +++++++...             o - amulet of magic regeneration
HPRegen  1.00/turn              D - +4 ring of evasion
MPRegen  0.45/turn              n - ring of stealth

@: brilliant
A: reduced essence, fangs 3, regeneration 2, magic shield, antimagic bite, no
potion heal 3, rot immunity
a: Recall Ancestor, Ancestor Identity, Transference, Idealise, Renounce Religion


You were on level 2 of the Orcish Mines.
You worshipped Hepliaklqana.
Hepliaklqana was exalted by your worship.
You were not hungry.

You visited 3 branches of the dungeon, and saw 19 of its levels.

You collected 1264 gold pieces.
You spent 297 gold pieces at shops.

Inventory:

Hand Weapons
 a - a +3 dagger of chaos (weapon)
 b - the +8 great sword of Fimbulwinter {freeze, rPois rN+++ MP-9 Stlth-}
   (You found it on level 5 of the Lair of Beasts)

   It has been specially enchanted to freeze those struck by it, causing extra
   injury to most foes and up to half again as much damage against particularly
   susceptible opponents.
   It can also slow down cold-blooded creatures.
   It protects you from poison.
   It renders you almost immune to negative energy.
   It affects your magic capacity (-9).
   It makes you less stealthy.
 F - a +0 short sword of electrocution
Armour
 l - a +1 helmet (worn)
 r - a +2 pair of boots (worn)
 A - +2 steam dragon scales (worn)
 P - a +1 pair of gloves of dexterity (worn)
Jewellery
 j - an uncursed ring of protection from fire
 n - a ring of stealth (right hand)
 o - an amulet of magic regeneration (around neck)
 s - an uncursed ring of protection from cold
 y - an uncursed ring of wizardry
 D - a +4 ring of evasion (left hand)
 J - an uncursed ring of positive energy
Wands
 u - a wand of digging (5)
 v - a wand of enslavement (11)
 x - a wand of iceblast (34)
 E - a wand of clouds (2)
 G - a wand of flame (45)
 H - a wand of acid (20)
 I - a wand of paralysis (6)
 M - a wand of polymorph (17)
 N - a wand of scattershot (6)
Scrolls
 g - 4 scrolls of amnesia
 k - 3 scrolls of teleportation
 q - 3 scrolls of remove curse
 t - a scroll of fear
 B - 2 scrolls of magic mapping
 K - 4 scrolls of identify
 O - 2 scrolls of silence
Potions
 c - 8 potions of curing
 e - a potion of magic
 f - 4 potions of brilliance
 h - 2 potions of mutation
 i - 5 potions of ambrosia
 m - 2 potions of agility
 p - 6 potions of haste
 w - 2 potions of berserk rage
 z - 2 potions of flight
Comestibles
 d - 38 rations
 C - 10 chunks of flesh


   Skills:
 - Level 5.0 Fighting
 - Level 10.0(11.0) Short Blades
 - Level 7.9(10.1) Long Blades
 * Level 7.7 Dodging
 - Level 16.1 Stealth
 - Level 8.1 Spellcasting
 - Level 3.1 Conjurations
 - Level 9.0 Hexes
 - Level 4.0 Ice Magic


You had 14 spell levels left.
You knew the following spells:

 Your Spells              Type           Power        Failure   Level  Hunger
a - Corona                Hex            ######.      1%          1    None
b - Ensorcelled Hibernat  Hex/Ice        ######       1%          2    None
c - Confuse               Hex            ######..     1%          3    None
d - Tukima's Dance        Hex            ######..     1%          3    None
e - Dazzling Spray        Conj/Hex       ######       1%          3    None
f - Mephitic Cloud        Conj/Pois/Air  ####....     1%          3    None

Your spell library contained the following spells:

 Spells                   Type           Power        Failure   Level  Hunger
 Freeze                   Ice            ####         1%          1    None
 Sandblast                Erth           ###...       1%          1    None
 Sting                    Conj/Pois      ####         1%          1    None
 Summon Small Mammal      Summ           ###.         1%          1    None
 Call Imp                 Summ           ###.....     1%          2    None
 Passwall                 Tmut/Erth      ###.....     1%          2    None
 Poisonous Vapours        Pois/Air       ###...       1%          2    None
 Throw Frost              Conj/Ice       #####.       1%          2    None
 Ozocubu's Armour         Chrm/Ice       ####....     1%          3    None
 Stone Arrow              Conj/Erth      ####..       1%          3    None
 Summon Guardian Golem    Hex/Summ       #####...     1%          3    None
 Throw Icicle             Conj/Ice       #####...     1%          4    ##.....
 Call Canine Familiar     Summ           ###.....     2%          3    None
 Summon Ice Beast         Ice/Summ       ####....     3%          4    ##.....
 Olgreb's Toxic Radiance  Pois           ###.....     8%          4    ##.....
 Petrify                  Tmut/Erth      ###.....     8%          4    ##.....
 Summon Lightning Spire   Summ/Air       ###.....     8%          4    ##.....
 Venom Bolt               Conj/Pois      ####......   11%         5    #####..
 Lee's Rapid Deconstruct  Erth           ###.......   19%         5    #####..


Dungeon Overview and Level Annotations

Branches:
Dungeon (11/15)            Temple (0/1) D:5            Lair (6/6) D:9
 Shoals (0/4) Lair:3       Spider (0/4) Lair:4        Slime (0/5) Lair:5
    Orc (2/2) D:11            Elf (0/3) Orc:2

Altars:
Ashenzari
Cheibriados
Gozag
Hepliaklqana
Kikubaaqudgha
Qazlal
Uskayaw
Wu Jian
The Shining One
Jiyva

Shops:
D:11 [

Annotations:
Orc:2 Saint Roka


Innate Abilities, Weirdness & Mutations

You have razor-sharp teeth.
You heal very quickly.
When hurt, damage is shared between your health and your magic reserves.
Your bite disrupts and absorbs the magic of your enemies.
Potions cannot restore your health.
You are immune to rotting.
Your life essence is reduced to manifest your ancestor. (-10% HP)


Message History

The orc sorcerer resists with some effort.
Re-l points at the orc sorcerer and mumbles some strange words.
The puff of frost hits the orc sorcerer.
You now have 20/27 mp.
Aim: an orc sorcerer, wielding a +0 dagger and wearing a +0 robe (lightly wounded, unusually strong, chance to defeat MR: 43%)
The orc sorcerer resists with some effort.
Re-l points at the orc sorcerer and mumbles some strange words.
The puff of frost hits the orc sorcerer.
The orc sorcerer gestures at you while chanting.
You resist with almost no effort.
You now have 18/27 mp.
Okay, then.
You feel clever all of a sudden.
Re-l barely misses the red devil.
The orc sorcerer resists with some effort.
The red devil completely misses you.
Re-l casts a spell at the orc sorcerer.
The stone arrow hits the orc sorcerer!!
The orc sorcerer hits Re-l with a cursed +0 dagger!
Saint Roka invokes the aid of Beogh against you.
Beogh smites you!
You take 6 damage, and have 50/61 hp.
You now have 15/27 mp.
Re-l hits the orc sorcerer with a +0 quarterstaff!
The orc sorcerer dies!
The red devil disappears in a puff of smoke!
Saint Roka calls down the wrath of Beogh upon you.
Beogh smites you!
Items here: ) [[ † a +0 troll leather armour; a +0 plate armour; a +0 hand axe; a troll corpse You take 10 damage, and have 40/61 hp.
You now have 13/27 mp.
Aim: Saint Roka, wielding a +5 dire flail of crushing and wearing a +0 plate armour (chance to defeat MR: 22%) Saint Roka resists with almost no effort.
Re-l casts a spell at Saint Roka.
The stone arrow hits Saint Roka!!
Saint Roka calls down the wrath of Beogh upon you.
Beogh smites you!
* * * LOW HITPOINT WARNING * * *
You take 9 damage, and have 31/61 hp.
You now have 8/27 mp.
Aim: Saint Roka, wielding a +5 dire flail of crushing and wearing a +0 plate armour (lightly wounded, chance to defeat MR: 22%) Saint Roka resists with almost no effort.
* * * LOW MAGIC WARNING * * *
Re-l casts a spell at Saint Roka.
The puff of frost hits Saint Roka but does no damage.
You now have 7/27 mp.
Okay, then.
Aim: Saint Roka, wielding a +5 dire flail of crushing and wearing a +0 plate armour (lightly wounded, chance to defeat MR: 22%) Saint Roka looks drowsy...
* * * LOW MAGIC WARNING * * *
You now have 5/27 mp.
Re-l completely misses Saint Roka.
Saint Roka shouts!
There isn't anything here!
Unknown command.
Aim: Saint Roka, wielding a +5 dire flail of crushing and wearing a +0 plate armour (lightly wounded, chance to defeat MR: 26%) Saint Roka appears confused.
* * * LOW MAGIC WARNING * * *
Re-l hits Saint Roka with a +0 quarterstaff!
Saint Roka hits you with a +5 dire flail of crushing!!
* * * LOW MAGIC WARNING * * *;
* * * LOW HITPOINT WARNING * * *
You die...

.....##..#............
...8..#.[.#..#.#...... .. #
##..#.)....#......... ..
#.................... oo
#.................... ..
####......).......... .8
#........[......... ..####
##..................
.o#..####.......@...........
..).).#.)....[[oR[<.).......
..o)3.)...#...[.).))[.......
...35o..#.##.#...........#..
......).....................
....#..##....#..............
.....#####...##.............
.##.## #....#.#............
. ### #...................


You could see the friendly Re-l the battlemage and Saint Roka (confused).

Vanquished Creatures
  A dire elephant (Lair:6)
  Josephine (Orc:1)
  2 hydras (Lair:4)
  A catoblepas (Lair:6)
  A two-headed ogre (D:8)
  A deep troll shaman (Lair:6)
  3 death yaks
  An orc high priest (Orc:2)
  An unseen horror (D:10)
  2 orc knights (Orc:2)
  An ugly thing (D:11)
  7 elephants
  3 merfolk sirens (Lair:3)
  Psyche (D:8)
  9 spiny frogs
  3 rime drakes (Lair:5)
  A komodo dragon (Lair:3)
  5 trolls
  2 polar bears
  A merfolk (Lair:3)
  3 hornets
  6 hippogriffs
  A blink frog (Lair:6)
  A redback (Lair:4)
  2 wyverns
  2 wraiths (Orc:1)
  26 yaks
  Grum (Lair:1)
  A basilisk (Lair:6)
  A warg (Orc:1)
  5 water moccasins
  6 porcupines
  6 ice beasts (Lair:3)
  14 orc warriors
  A sky beast (D:10)
  3 phantoms
  3 black bears
  9 ogres
  4 centaurs
  10 wolves
  10 crocodiles
  11 bullfrogs
  2 scorpions
  A vampire bat (Lair:1)
  2 electric eels
  A centaur zombie (D:11)
  A crimson imp (D:7)
  4 jellies
  3 hounds
  11 orc wizards
  2 iguanas
  6 orc priests
  A bullfrog skeleton (D:4)
  7 worker ants
  A hound zombie (D:8)
  A hound skeleton (D:5)
  A worker ant zombie (D:11)
  4 gnolls
  11 adders
  A shadow imp (D:10)
  3 oozes
  3 adder skeletons
  2 worms
  5 dart slugs
  7 leopard geckos
  30 orcs
  A ball python (D:5)
  9 giant cockroaches
  6 goblins
  6 hobgoblins
  4 jackals (D:5)
  8 kobolds
  2 quokkas
  8 bats
  6 frilled lizards
  A jackal skeleton (D:8)
  2 leopard gecko skeletons (D:4)
  A leopard gecko zombie (D:7)
  3 rats
340 creatures vanquished.

Vanquished Creatures (collateral kills)
  A catoblepas (Lair:5)
  3 death yaks
  An orc sorcerer (Orc:2)
  3 elephants (Lair:6)
  3 spiny frogs (Lair:3)
  3 komodo dragons
  A rime drake (Lair:6)
  4 hippogriffs
  Sigmund (D:6)
  9 yaks
  2 wraiths (Orc:1)
  A wyvern (D:11)
  A steam dragon (D:9)
  A hungry ghost (D:10)
  A water moccasin (Lair:3)
  A soldier ant (D:10)
  7 orc warriors
  2 porcupines
  3 ogres
  2 black bears
  3 ice beasts
  A centaur (D:7)
  A crocodile (D:9)
  13 wolves
  9 bullfrogs
  A gnoll sergeant (D:10)
  2 scorpions
  6 killer bees (D:11)
  A crimson imp (D:6)
  A quasit (D:9)
  A jelly (D:8)
  12 orc priests
  A bullfrog skeleton (D:8)
  A gnoll shaman (D:5)
  2 iguanas (D:7)
  12 orc wizards
  A killer bee zombie (D:10)
  A worker ant zombie (D:8)
  4 adders
  6 gnolls
  2 adder skeletons
  6 leopard geckos
  29 orcs
  4 bats (Lair:1)
  A goblin (D:3)
  4 jackals
  A quokka (D:6)
  A quokka skeleton (D:4)
177 creatures vanquished.

Vanquished Creatures (others)
  A yak (Lair:6)
  A crocodile (D:9)
  An orc priest (Orc:2)
  16 battlemagi
  3 ancestors
  A bush (Lair:2)
  10 fungi
  9 plants
42 creatures vanquished.

Grand Total: 559 creatures vanquished

Notes
Turn   | Place    | Note
-------+----------+-------------------------------------------
     0 | D:1      | Laraso the Vine Stalker Enchanter began the quest for the
                  | Orb.
     0 | D:1      | Reached XP level 1. HP: 9/9 MP: 4/4
    36 | D:1      | Reached skill level 1 in Short Blades
   231 | D:1      | HP: 3/9 [leopard gecko (1)]
   434 | D:1      | Reached XP level 2. HP: 12/13 MP: 3/6
   504 | D:1      | Reached skill level 4 in Stealth
   787 | D:1      | Reached skill level 2 in Short Blades
   865 | D:1      | Reached XP level 3. HP: 12/16 MP: 7/7
  1438 | D:2      | Gained mutation: Your natural rate of healing is unusually
                  | fast. [Vine Stalker growth]
  1438 | D:2      | Reached XP level 4. HP: 21/21 MP: 8/8
  1488 | D:2      | Reached skill level 3 in Short Blades
  1496 | D:2      | Learned a level 2 spell: Ensorcelled Hibernation
  1500 | D:2      | Learned a level 3 spell: Confuse
  1874 | D:2      | Found a hazy altar of Hepliaklqana.
  1907 | D:2      | Became a worshipper of Hepliaklqana the Forgotten
  2191 | D:3      | HP: 7/18 [gnoll/+0 whip (10)]
  2217 | D:3      | Reached skill level 5 in Stealth
  2217 | D:3      | Reached XP level 5. HP: 18/21 MP: 3/9
  2440 | D:3      | Reached skill level 4 in Short Blades
  2509 | D:3      | Found a snail-covered altar of Cheibriados.
  2729 | D:3      | Found a glowing golden altar of the Shining One.
  2736 | D:3      | Reached XP level 6. HP: 23/25 MP: 4/10
  2970 | D:4      | HP: 7/25 [worker ant (5)]
  2975 | D:4      | HP: 6/25 [poisoned by a worker ant]
  2982 | D:4      | HP: 6/25 [poisoned by a worker ant]
  2989 | D:3      | HP: 7/25 [poisoned by a worker ant]
  2997 | D:3      | HP: 9/25 [poisoned by a worker ant]
  3055 | D:4      | Reached skill level 6 in Stealth
  3119 | D:4      | Reached skill level 5 in Short Blades
  3131 | D:4      | Reached skill level 7 in Stealth
  3131 | D:4      | Reached XP level 7. HP: 28/28 MP: 4/11
  3132 | D:4      | Found an opulent altar of Gozag.
  3365 | D:4      | Learned a level 3 spell: Tukima's Dance
  3467 | D:4      | HP: 10/28 [orc priest/nerve-wracking pain (7)]
  3578 | D:4      | Reached skill level 3 in Spellcasting
  3671 | D:4      | Found a shattered altar of Ashenzari.
  3671 | D:4      | Found a hide-covered altar of Uskayaw.
  3671 | D:4      | Found a glowing golden altar of the Shining One.
  3724 | D:4      | Reached skill level 8 in Stealth
  3791 | D:4      | Reached * piety under Hepliaklqana
  3887 | D:4      | HP: 3/28 [ogre/cursed -1 giant club (25)]
  3906 | D:4      | HP: 8/42 [bullfrog skeleton (4)]
  3912 | D:4      | Reached skill level 4 in Spellcasting
  4088 | D:5      | Entered Level 5 of the Dungeon
  4173 | D:5      | Gained mutation: You have razor-sharp teeth. [Vine Stalker
                  | growth]
  4173 | D:5      | Reached XP level 8. HP: 32/32 MP: 11/15
  4218 | D:5      | Learned a level 3 spell: Dazzling Spray
  4469 | D:5      | HP: 11/32 [gnoll/+0 halberd (10)]
  4518 | D:5      | Reached skill level 5 in Spellcasting
  4718 | D:5      | Found a staircase to the Ecumenical Temple.
  4949 | D:6      | Found an ancient bone altar of Kikubaaqudgha.
  5064 | D:6      | Reached ** piety under Hepliaklqana
  5088 | D:6      | Laraso: ??battlemage
  5088 | D:6      | beem: ancestor[4/6]: Battlemage: hybrid companion. Starts
                  | with throw frost, stone arrow, a quarterstaff, and bonus
                  | melee damage: 3 + HD. XL 15: Replace Throw Frost with Bolt
                  | of Magma. XL 19: Haste and a lajatang of freezing. XL 24:
                  | stone arrow -> crystal spear.
  5088 | D:6      | Laraso: ??knight
  5088 | D:6      | beem: ancestor[3/6]: Knight: melee companion. Starts with a
                  | flail, a shield, and bonus AC; 7 + HD/2. XL 15: Flail
                  | replaced with flaming broad axe. XL 19: Haste and shield
                  | becomes a large shield of reflect. XL 24: Weapon ego
                  | changes to speed.
  5088 | D:6      | Remembered your ancestor Re-l as a battlemage
  5182 | D:6      | Reached skill level 1 in Conjurations
  5184 | D:6      | Reached skill level 1 in Ice Magic
  5199 | D:6      | Reached skill level 9 in Stealth
  5240 | D:6      | Reached skill level 2 in Conjurations
  5258 | D:6      | Noticed Sigmund
  5264 | D:6      | Killed Sigmund
  5264 | D:6      | Reached skill level 4 in Hexes
  5264 | D:6      | Reached skill level 2 in Ice Magic
  5569 | D:6      | Reached XP level 9. HP: 35/35 MP: 14/17
  5724 | D:6      | Found an ornate altar of the Wu Jian Council.
  6030 | D:7      | Reached skill level 3 in Conjurations
  6030 | D:7      | Reached skill level 3 in Ice Magic
  6197 | D:7      | Reached skill level 5 in Hexes
  6250 | D:7      | Reached skill level 4 in Ice Magic
  6522 | D:7      | Reached skill level 10 in Stealth
  6522 | D:7      | Reached skill level 6 in Hexes
  6531 | D:7      | Reached *** piety under Hepliaklqana
  6545 | D:7      | Laraso: ??hexer
  6545 | D:7      | beem: ancestor[5/6]: Hexer: support companion. Starts with
                  | a dagger, Slow, and Confuse. XL 15: Slow -> Paralyse. XL
                  | 19: Replace Confuse with Mass Confusion and Haste. XL 24:
                  | dagger replaced by antimagic quickblade.
  6705 | D:8      | Noticed Psyche
  6717 | D:8      | Killed Psyche
  6717 | D:8      | Reached skill level 7 in Hexes
  6915 | D:8      | Reached skill level 1 in Fighting
  6915 | D:8      | Reached XP level 10. HP: 40/40 MP: 9/18
  7026 | D:8      | Noticed a two-headed ogre
  7032 | D:8      | Killed a two-headed ogre
  7032 | D:8      | Reached skill level 2 in Fighting
  7037 | D:8      | Reached skill level 3 in Fighting
  7037 | D:8      | Reached skill level 11 in Stealth
  7040 | D:8      | Reached skill level 6 in Short Blades
  7296 | D:8      | Got a twisted whip
  7297 | D:8      | Identified the cursed +3 whip "Udioju" {slash, MR++ Dex+3
                  | Stlth+} (You found it on level 8 of the Dungeon)
  7678 | D:9      | Reached **** piety under Hepliaklqana
  7799 | D:9      | Found a stormy altar of Qazlal.
  7931 | D:9      | Reached skill level 4 in Fighting
  7935 | D:9      | Paralysed by a hornet for 1 turns
  8042 | D:9      | Found a staircase to the Lair.
  8219 | D:9      | Reached skill level 7 in Short Blades
  8272 | D:9      | HP: 15/45 [steam dragon/ball of steam (14)]
  8275 | D:9      | HP: 3/45 [crocodile (6)]
  8498 | D:9      | Reached skill level 5 in Fighting
  8616 | D:10     | Entered Level 10 of the Dungeon
  8707 | D:10     | Reached XP level 11. HP: 49/49 MP: 19/19
  8740 | Lair:1   | Entered Level 1 of the Lair of Beasts
  8878 | Lair:1   | Reached skill level 8 in Short Blades
  8878 | Lair:1   | Reached skill level 12 in Stealth
  9051 | Lair:1   | Noticed Grum
  9073 | Lair:1   | Killed Grum
  9452 | Lair:1   | Reached skill level 9 in Short Blades
  9541 | Lair:1   | Reached ***** piety under Hepliaklqana
 10115 | Lair:2   | Reached skill level 13 in Stealth
 10119 | Lair:2   | HP: 18/49 [something (2)]
 10358 | Lair:2   | Reached skill level 10 in Short Blades
 10720 | Lair:3   | Gained mutation: You heal very quickly. [Vine Stalker
                  | growth]
 10720 | Lair:3   | Reached XP level 12. HP: 54/54 MP: 20/20
 10751 | Lair:3   | Reached skill level 2 in Dodging
 10755 | Lair:3   | Reached skill level 14 in Stealth
 10770 | Lair:3   | Reached skill level 3 in Dodging
 11025 | Lair:3   | Identified a scroll of acquirement
 11026 | Lair:3   | Got a steaming rapier
 11027 | Lair:3   | Identified the +4 rapier of the Dwarven Hall {pierce, -Tele
                  | rElec Str+5 Stlth-} (You acquired it on level 3 of the Lair
                  | of Beasts)
 11065 | Lair:3   | Reached skill level 4 in Dodging
 11073 | Lair:3   | Found a staircase to the Shoals.
 11260 | Lair:3   | Reached skill level 5 in Dodging
 11298 | Lair:3   | Found a frozen archway.
 11654 | Lair:4   | Noticed a four-headed hydra
 11663 | Lair:4   | Killed a four-headed hydra
 11663 | Lair:4   | Reached skill level 6 in Dodging
 11684 | Lair:4   | Reached skill level 15 in Stealth
 11782 | Lair:4   | Found a hole to the Spider Nest.
 11831 | Lair:4   | Noticed a six-headed hydra
 11836 | Lair:4   | Killed a six-headed hydra
 11836 | Lair:4   | Reached skill level 16 in Stealth
 12127 | Lair:4   | Reached XP level 13. HP: 50/56 MP: 11/21
 12419 | Lair:5   | Found a staircase to the Slime Pits.
 12419 | Lair:5   | Found a viscous altar of Jiyva.
 12424 | Lair:5   | Learned a level 3 spell: Mephitic Cloud
 12497 | Lair:5   | Reached skill level 6 in Spellcasting
 12497 | Lair:5   | Reached skill level 8 in Hexes
 12561 | Lair:5   | Got a dazzling great sword
 12562 | Lair:5   | Identified the +8 great sword of Fimbulwinter {freeze,
                  | rPois rN+++ MP-9 Stlth-} (You found it on level 5 of the
                  | Lair of Beasts)
 12719 | Lair:5   | Reached ****** piety under Hepliaklqana
 13199 | Lair:6   | Entered Level 6 of the Lair of Beasts
 13310 | Lair:6   | Reached skill level 7 in Spellcasting
 13715 | Lair:6   | Reached skill level 9 in Hexes
 13774 | Lair:6   | Reached skill level 8 in Spellcasting
 13775 | Lair:6   | Reached skill level 1 in Long Blades
 13915 | Lair:6   | Got a crude copper ring
 13944 | Lair:6   | Reached skill level 2 in Long Blades
 13970 | Lair:6   | Reached skill level 3 in Long Blades
 13990 | Lair:6   | Identified the ring of Gumonur {*Tele rF+ Dex+3} (You found
                  | it on level 6 of the Lair of Beasts)
 14115 | Lair:6   | Reached skill level 4 in Long Blades
 14185 | Lair:6   | HP: 19/56 [catoblepas (20)]
 14247 | Lair:6   | Reached skill level 5 in Long Blades
 14379 | Lair:6   | Noticed a dire elephant
 14395 | Lair:6   | Killed a dire elephant
 14398 | Lair:6   | Reached skill level 6 in Long Blades
 14414 | Lair:6   | Found the +5 scythe "Finisher" {speed, eviscerate}
 14766 | D:10     | Reached XP level 14. HP: 53/61 MP: 19/27
 15375 | D:10     | Got a bloodstained ring mail
 15376 | D:10     | Identified the cursed +1 ring mail of the Tarantula {+Inv}
                  | (You found it on level 10 of the Dungeon)
 15500 | D:11     | Reached skill level 7 in Long Blades
 15664 | D:11     | Found a staircase to the Orcish Mines.
 15854 | D:11     | Found Motoz's Armour Boutique.
 15862 | D:11     | Bought a +1 pair of gloves of dexterity for 297 gold pieces
 16189 | Orc:1    | Entered Level 1 of the Orcish Mines
 16223 | Orc:1    | Noticed Josephine
 16269 | Orc:1    | Killed Josephine
 16431 | Orc:2    | Entered Level 2 of the Orcish Mines
 16473 | Orc:2    | Found a staircase to the Elven Halls.
 16502 | Orc:2    | Reached skill level 7 in Dodging
 16677 | Orc:2    | Noticed Saint Roka
 16752 | Orc:2    | HP: 7/61 [Saint Roka/+5 dire flail of crushing (28)]
 16752 | Orc:2    | Slain by Saint Roka

Levels and vault maps discovered:
D:1:      kennysheep_arrival_seaside, layout_rooms
D:2:      layout_basic, overflow_temple_1_default, minmay_domino_4
D:3:      layout_loops_ring, kennysheep_slug_shrine, tso_metal_star
D:4:      layout_basic, gammafunk_temple_overflow_claw, serial_bayou_pond_c,
          minmay_ruined_shrine
D:5:      layout_loops_ring, minmay_temple_entry_crystal_x, first_ration
D:6:      layout_gridville, kennysheep_mini_moat, basic_altar,
          nicolae_zen_rock_garden, uniq_sigmund
D:7:      layout_basic
D:8:      layout_cave_pods, uniq_psyche
D:9:      layout_big_octagon, due_lair_maze_entry_diamond,
          hangedman_pestilent_swarm, serial_bayou_pond_e, grunt_qazlal_clouds
D:10:     layout_loops_ring
D:11:     layout_roguey, erik_orc_2, serial_shops, shop
Lair:1:   layout_roguey, roderic_batcave, chequers_serial_rivers_marsh,
          uniq_grum
Lair:2:   layout_concentric_octagons, grunt_megastairs_5
Lair:3:   layout_regular_city, elwin_shoals_entry_stream,
          portal_ice_cave_entry_ice_beasts, eino_small_chamber_without_monster,
          beast_lair_carwin_7, infiniplex_staircase_pool_2
Lair:4:   layout_small_grid, spider_nest_entry_rubble, beast_lair_carwin_6
Lair:5:   layout_gridlike, slime_altar_1, lemuel_fruit_tree
Lair:6:   grunt_lair_end_beastmaster, layout_big_grid, guppyfry_lair_drakes,
          serial_bayou_shore_b
Orc:1:    layout_caves, serial_shops, shop, uniq_josephine
Orc:2:    grunt_orc_cross, layout_caves

Skill      XL: |  1  2  3  4  5  6  7  8  9 10 11 12 13 14 |
---------------+-------------------------------------------+-----
Short Blades   | 1 2 3 4 5 7 10 | 10.0
Stealth        | 4 5 7 8 9 10 11 13 16 | 16.1
Spellcasting   | 4 5 8 |  8.1
Conjurations   | 2 3 |  3.1
Ice Magic      | 2 4 |  4.0
Hexes          | 4 7 9 |  9.0
Fighting       | 1 5 |  5.0
Dodging        | 6 7 |  7.7
Long Blades    | 6 7 |  7.9

Action                   |  1- 3 |  4- 6 |  7- 9 | 10-12 | 13-15 || total
-------------------------+-------+-------+-------+-------+-------++-------
Melee: Dagger            |    82 |   101 |   189 |   280 |   313 ||   965
       Bite              |    13 |    16 |    40 |    66 |    97 ||   232
       Great sword       |       |       |       |       |    12 ||    12
 Cast: Corona            |    20 |     3 |       |     1 |       ||    24
       Ensorcelled Hiber |       |    24 |    25 |   125 |    77 ||   251
       Confuse           |       |       |    25 |    21 |    22 ||    68
       Dazzling Spray    |       |       |       |     7 |    30 ||    37
Invok: Ancestor Identity |       |     1 |       |       |       ||     1
       Recall Ancestor   |       |       |     2 |     6 |     5 ||    13
       Ancestor Life: Ba |       |       |     1 |       |       ||     1
  Use: Scroll            |     6 |     5 |     5 |    12 |     5 ||    33
       Potion            |     1 |       |     1 |       |     1 ||     3
 Stab: Sleeping          |     9 |    19 |    25 |    62 |    51 ||   166
       Confused          |       |       |     7 |     7 |     7 ||    21
       Invisible         |       |       |     1 |     5 |    10 ||    16
       Distracted        |       |       |       |     4 |     4 ||     8
       Paralysed         |       |       |       |     2 |     1 ||     3
       Petrifying        |       |       |       |       |     1 ||     1
  Eat: Chunk             |     2 |     7 |    12 |    18 |    15 ||    54
       Ration            |       |       |     1 |       |       ||     1
Armor: Robe              |    11 |    15 |    51 |    42 |       ||   119
       Skin              |       |       |    11 |       |       ||    11
       Steam dragon scal |       |       |       |    50 |    80 ||   130
Dodge: Dodged            |    44 |    44 |    78 |   211 |   256 ||   633
       Rpst.: Great sword |       |       |       |       |     1 ||     1

Table legend:
 A = Non-vault XP
 B = Vault XP
 C = Vault XP percentage of total XP
 D = Non-vault monster count
 E = Vault monster count
 F = Vault count percentage of total count
                 A         B        C        D         E       F
            +---------+---------+-------+---------+---------+-------
      Total |   40516 |   26672 |  39.7 |     393 |     127 |  24.4
            +---------+---------+-------+---------+---------+-------
        D:1 |      54 |       0 |   0.0 |      28 |       0 |   0.0
        D:2 |      58 |      15 |  20.5 |       9 |       2 |  18.2
        D:3 |     193 |       4 |   2.0 |      28 |       1 |   3.4
        D:4 |     725 |     128 |  15.0 |      23 |       3 |  11.5
        D:5 |     334 |       0 |   0.0 |      19 |       0 |   0.0
        D:6 |     661 |     242 |  26.8 |      15 |       1 |   6.2
        D:7 |    1543 |       0 |   0.0 |      27 |       0 |   0.0
        D:8 |    2227 |     757 |  25.4 |      28 |       4 |  12.5
        D:9 |     818 |    1113 |  57.6 |      20 |      11 |  35.5
       D:10 |    2252 |       0 |   0.0 |      38 |       0 |   0.0
       D:11 |    2487 |     685 |  21.6 |      26 |      21 |  44.7
     Lair:1 |    3522 |     721 |  17.0 |      17 |      12 |  41.4
     Lair:2 |    2992 |     479 |  13.8 |      15 |       2 |  11.8
     Lair:3 |    4196 |    4914 |  53.9 |      24 |      19 |  44.2
     Lair:4 |    4278 |    1940 |  31.2 |      15 |       8 |  34.8
     Lair:5 |    6045 |       0 |   0.0 |      12 |       0 |   0.0
     Lair:6 |    5574 |    9680 |  63.5 |      22 |      21 |  48.8
      Orc:1 |    1143 |    2022 |  63.9 |      11 |       6 |  35.3
      Orc:2 |    1414 |    3972 |  73.7 |      16 |      16 |  50.0
            +---------+---------+-------+---------+---------+-------

Table legend:
 A = Kills in this place as a percentage of kills in entire the game.
 B = Kills by you in this place as a percentage of kills by you in the entire game.
 C = Kills by friends in this place as a percentage of kills by friends in the entire game.
 D = Other kills in this place as a percentage of other kills in the entire game.
 E = Experience gained in this place as a percentage of experience gained in the entire game.
 F = Experience gained in this place divided by the number of levels of this place that you have seen.
                   A       B       C       D       E      F
               +-------+-------+-------+-------+-------+----------------------
         Total | 100.0 | 100.0 | 100.0 | 100.0 | 100.0 | 3536.2
       Dungeon |  58.5 |  55.9 |  64.4 |  20.0 |  21.3 | 1299.6
          Lair |  32.1 |  33.1 |  29.4 |  60.0 |  66.0 | 7390.2
  Orcish Mines |   9.4 |  10.9 |   6.2 |  20.0 |  12.7 | 4275.5
               +-------+-------+-------+-------+-------+----------------------

Table legend:
 A = Turns spent in this place as a percentage of turns spent in the entire game.
 B = Non-inter-level travel turns spent in this place as a percentage of non-inter-level travel turns spent in the entire game.
 C = Inter-level travel turns spent in this place as a percentage of turns spent in this place.
 D = Turns resting spent in this place as a percentage of non-inter-level travel turns spent in this place.
 E = Turns spent auto-exploring this place as a percentage of non-inter-level travel turns spent in this place.
 F = Non-inter-level travel turns spent in this place divided by the number of levels of this place that you've seen.
                   A       B       C       D       E      F
               +-------+-------+-------+-------+-------+----------------------
         Total | 100.0 | 100.0 |   5.3 |  13.2 |  54.5 | 835.3
       Dungeon |  61.0 |  61.2 |   5.0 |  15.8 |  53.4 | 883.1
          Lair |  35.6 |  35.3 |   5.9 |   8.0 |  60.5 | 935.0
  Orcish Mines |   3.4 |   3.4 |   2.8 |  19.4 |  13.5 | 273.5
               +-------+-------+-------+-------+-------+----------------------

Levels and vault maps discovered:
D:1:      kennysheep_arrival_seaside, layout_rooms
D:2:      layout_basic, overflow_temple_1_default, minmay_domino_4
D:3:      layout_loops_ring, kennysheep_slug_shrine, tso_metal_star
D:4:      layout_basic, gammafunk_temple_overflow_claw, serial_bayou_pond_c,
          minmay_ruined_shrine
D:5:      layout_loops_ring, minmay_temple_entry_crystal_x, first_ration
D:6:      layout_gridville, kennysheep_mini_moat, basic_altar,
          nicolae_zen_rock_garden, uniq_sigmund
D:7:      layout_basic
D:8:      layout_cave_pods, uniq_psyche
D:9:      layout_big_octagon, due_lair_maze_entry_diamond,
          hangedman_pestilent_swarm, serial_bayou_pond_e, grunt_qazlal_clouds
D:10:     layout_loops_ring
D:11:     layout_roguey, erik_orc_2, serial_shops, shop
Lair:1:   layout_roguey, roderic_batcave, chequers_serial_rivers_marsh,
          uniq_grum
Lair:2:   layout_concentric_octagons, grunt_megastairs_5
Lair:3:   layout_regular_city, elwin_shoals_entry_stream,
          portal_ice_cave_entry_ice_beasts, eino_small_chamber_without_monster,
          beast_lair_carwin_7, infiniplex_staircase_pool_2
Lair:4:   layout_small_grid, spider_nest_entry_rubble, beast_lair_carwin_6
Lair:5:   layout_gridlike, slime_altar_1, lemuel_fruit_tree
Lair:6:   grunt_lair_end_beastmaster, layout_big_grid, guppyfry_lair_drakes,
          serial_bayou_shore_b
Orc:1:    layout_caves, serial_shops, shop, uniq_josephine
Orc:2:    grunt_orc_cross, layout_caves
